PCL
SACRAMENTO RIVER CATS @ SALT LAKE BEES
04/10/2054
 
TOP OF THE 1ST
Las Vegas 51s batting - Pitching for Portland Beavers : RHP Carlos Núñez
Pitching: RHP Carlos Núñez
Batting: RHB Chris Gilbert 0-0: Ball
1-0: Ball
2-0: Foul Ball, location: 2F
2-1: Ball
3-1: Ground out 6-3 (Groundball, 6)
Batting: LHB Ramón Pinto 0-0: Foul Ball, location: 2F
0-1: Ball
1-1: Swinging Strike
1-2: Ball
2-2: Ball
3-2: Strikes out swinging
Batting: RHB Ramón Rocha 0-0: SOLO HOME RUN (Flyball, 9LD), Distance : 358 ft
Batting: RHB John Toney 0-0: Ball
1-0: Called Strike
1-1: Ground out 5-3 (Groundball, 56)
Top of the 1st over - 1 run, 1 hit, 0 errors, 0 left on base; Las Vegas 1 - Portland 0
BOTTOM OF THE 1ST
Portland Beavers batting - Pitching for Las Vegas 51s : RHP Francisco Ruíz
Pitching: RHP Francisco Ruíz
Batting: RHB Francis Carr 0-0: Ball
1-0: Foul Ball, location: 2F
1-1: Foul Ball, location: 2F
1-2: SINGLE (Groundball, 56D)
Batting: RHB Andrew Ouwens 0-0: Called Strike
0-1: Called Strike
0-2: Ball
1-2: Foul Ball, location: 2F
1-2: Ball
2-2: Strikes out swinging
Batting: LHB António Reyes 0-0: Fly out, F8 (Flyball, 8LS)
Batting: SHB José Luna 0-0: Foul Ball, location: 2F
0-1: 2-RUN HOME RUN (Flyball, 78XD), Distance : 409 ft
Batting: RHB Jarrod Prince 0-0: Called Strike
0-1: Ball
1-1: Fly out, F8 (Flyball, 8LXD)
Bottom of the 1st over - 2 runs, 2 hits, 0 errors, 0 left on base; Las Vegas 1 - Portland 2
TOP OF THE 2ND
Las Vegas 51s batting - Pitching for Portland Beavers : RHP Carlos Núñez
Batting: LHB James Howard 0-0: Ball
1-0: DOUBLE (Line Drive, 9LD)
Batting: RHB Rubén Guzmán 0-0: Called Strike
0-1: Ball
1-1: Foul Ball, location: 2F
1-2: Fly out, F7 (Flyball, 7S)
Batting: SHB Augusto González 0-0: Called Strike
James Howard steals 3rd base (no throw)
0-1: Ball
1-1: Foul Ball, location: 2F
1-2: Ball
2-2: Strikes out swinging
Batting: RHB Jimmy Gray 0-0: Ball
1-0: Foul Ball, location: 2F
1-1: Ball
2-1: Ball
3-1: Ground out 1-3 (Groundball, 15)
Top of the 2nd over - 0 runs, 1 hit, 0 errors, 1 left on base; Las Vegas 1 - Portland 2
BOTTOM OF THE 2ND
Portland Beavers batting - Pitching for Las Vegas 51s : RHP Francisco Ruíz
Batting: SHB Gary Lau 0-0: Swinging Strike
0-1: Foul Ball, location: 2F
0-2: Foul Ball, location: 2F
0-2: Foul Ball, location: 2F
0-2: SINGLE (Flyball, 78M)
Batting: LHB Bill Lee 0-0: Called Strike
0-1: Ball
1-1: Fly out, F9 (Flyball, 9D)
Batting: RHB Kent Clark 0-0: Called Strike
0-1: Foul Ball, location: 2F
0-2: Ball
1-2: Ball
2-2: Foul Ball, location: 2F
2-2: Foul Ball, location: 2F
2-2: Strikes out swinging
Batting: RHB Luis Churape 0-0: Ball
1-0: Ball
2-0: Called Strike
2-1: Called Strike
2-2: Ball
3-2: Foul Ball, location: 2F
3-2: Ground out 1-3 (Groundball, 13)
Bottom of the 2nd over - 0 runs, 1 hit, 0 errors, 1 left on base; Las Vegas 1 - Portland 2
TOP OF THE 3RD
Las Vegas 51s batting - Pitching for Portland Beavers : RHP Carlos Núñez
Batting: RHB Domingo Solís 0-0: Called Strike
0-1: Swinging Strike
0-2: Foul Ball, location: 2F
0-2: Strikes out swinging
Batting: RHB Chris Gilbert 0-0: Ball
1-0: Foul Ball, location: 2F
1-1: Ball
2-1: Ball
3-1: Swinging Strike
3-2: Foul Ball, location: 2F
3-2: Base on Balls
Batting: LHB Ramón Pinto 0-0: Ball
1-0: Swinging Strike
1-1: Fielders Choice at 2nd, 4-6 (Groundball, 4D)
Batting: RHB Ramón Rocha 0-0: Ball
1-0: Called Strike
1-1: Ground out 4-3 (Groundball, 34)
Top of the 3rd over - 0 runs, 0 hits, 0 errors, 1 left on base; Las Vegas 1 - Portland 2
BOTTOM OF THE 3RD
Portland Beavers batting - Pitching for Las Vegas 51s : RHP Francisco Ruíz
Batting: RHB Francis Carr 0-0: Ball
1-0: Called Strike
1-1: SINGLE (Groundball, 6) (infield hit)
Batting: RHB Andrew Ouwens 0-0: 2-RUN HOME RUN (Flyball, 9D), Distance : 390 ft
Batting: LHB António Reyes 0-0: SINGLE (Flyball, 7S)
Batting: SHB José Luna 0-0: Called Strike
0-1: Ball
1-1: Called Strike
1-2: Ball
2-2: Ball
3-2: Strikes out looking
Batting: RHB Jarrod Prince 0-0: Called Strike
0-1: Foul Ball, location: 2F
0-2: Strikes out swinging
Batting: SHB Gary Lau 0-0: Ball
1-0: Ball
2-0: Called Strike
2-1: Foul Ball, location: 2F
2-2: Foul Ball, location: 2F
2-2: Foul Ball, location: 2F
2-2: Foul Ball, location: 2F
2-2: DOUBLE (Flyball, 78D)
António Reyes to third
Runner from 3rd tries for Home, SAFE, throw by CF to home
Batting: LHB Bill Lee 0-0: Called Strike
0-1: Called Strike
0-2: Ball
1-2: DOUBLE (Flyball, 78XD)
Gary Lau scores
Batting: RHB Kent Clark 0-0: Ball
1-0: Ground out 6-3 (Groundball, 56)
Bottom of the 3rd over - 4 runs, 5 hits, 0 errors, 1 left on base; Las Vegas 1 - Portland 6
TOP OF THE 4TH
Las Vegas 51s batting - Pitching for Portland Beavers : RHP Carlos Núñez
Batting: RHB John Toney 0-0: Ball
1-0: SINGLE (Groundball, 34D)
Batting: LHB James Howard 0-0: Ball
1-0: Fielders Choice at 2nd, 6-4 (Groundball, 6D)
Batting: RHB Rubén Guzmán 0-0: Ball
1-0: Swinging Strike
1-1: Foul Ball, location: 2F
1-2: Foul Ball, location: 2F
1-2: Ball
2-2: Foul Ball, location: 2F
2-2: Strikes out swinging
Batting: SHB Augusto González 0-0: Foul Ball, location: 2F
0-1: Ball
1-1: Swinging Strike
1-2: Ball
2-2: Ball
James Howard is caught stealing 2nd base 2-6
Top of the 4th over - 0 runs, 1 hit, 0 errors, 0 left on base; Las Vegas 1 - Portland 6
BOTTOM OF THE 4TH
Portland Beavers batting - Pitching for Las Vegas 51s : RHP Francisco Ruíz
Batting: RHB Luis Churape 0-0: Ball
1-0: Ball
2-0: Ground out 5-3 (Groundball, 56S)
Batting: RHB Francis Carr 0-0: Ball
1-0: Called Strike
1-1: Called Strike
1-2: Ball
2-2: Ground out 6-3 (Groundball, 6)
Batting: RHB Andrew Ouwens 0-0: Swinging Strike
0-1: Ball
1-1: Foul Ball, location: 2F
1-2: Foul Ball, location: 2F
1-2: Strikes out looking
Bottom of the 4th over - 0 runs, 0 hits, 0 errors, 0 left on base; Las Vegas 1 - Portland 6
TOP OF THE 5TH
Las Vegas 51s batting - Pitching for Portland Beavers : RHP Carlos Núñez
Batting: SHB Augusto González 0-0: Ball
1-0: Ground out 5-3 (Groundball, 56)
Batting: RHB Jimmy Gray 0-0: Fly out, F9 (Flyball, 89M)
Batting: RHB Domingo Solís 0-0: Called Strike
0-1: Swinging Strike
0-2: Strikes out looking
Top of the 5th over - 0 runs, 0 hits, 0 errors, 0 left on base; Las Vegas 1 - Portland 6
BOTTOM OF THE 5TH
Portland Beavers batting - Pitching for Las Vegas 51s : RHP Francisco Ruíz
Batting: LHB António Reyes 0-0: Called Strike
0-1: Ball
1-1: Foul Ball, location: 2F
1-2: Ball
2-2: Ball
3-2: TRIPLE (Flyball, 89XD)
Batting: SHB José Luna 0-0: Fly out, F8 (Flyball, 89XD)
Runner from 3rd tags up, SCORES, no throw by CF
Batting: RHB Jarrod Prince 0-0: Ball
1-0: Swinging Strike
1-1: Ball
2-1: Foul Ball, location: 2F
2-2: Strikes out swinging
Batting: SHB Gary Lau 0-0: Ball
1-0: Ball
2-0: Ball
3-0: Base on Balls
Batting: LHB Bill Lee 0-0: Foul Ball, location: 2F
0-1: Called Strike
0-2: Ball
1-2: Foul Ball, location: 2F
1-2: Ball
2-2: Fielders Choice at 2nd, 5-4 (Groundball, 56)
Bottom of the 5th over - 1 run, 1 hit, 0 errors, 1 left on base; Las Vegas 1 - Portland 7
TOP OF THE 6TH
Las Vegas 51s batting - Pitching for Portland Beavers : RHP Carlos Núñez
Batting: RHB Chris Gilbert 0-0: Called Strike
0-1: Foul Ball, location: 2F
0-2: Ball
1-2: Ball
2-2: Fly out, F9 (Flyball, 9)
Batting: LHB Ramón Pinto 0-0: SINGLE (Line Drive, 7S)
Batting: RHB Ramón Rocha 0-0: Fly out, F8 (Line Drive, 8RM)
Batting: RHB John Toney 0-0: Called Strike
0-1: Ball
1-1: Ball
2-1: Ground out 4-3 (Groundball, 4)
Top of the 6th over - 0 runs, 1 hit, 0 errors, 1 left on base; Las Vegas 1 - Portland 7
BOTTOM OF THE 6TH
Portland Beavers batting - Pitching for Las Vegas 51s : RHP Francisco Ruíz
Pitching: RHP Cipriano Morín
Batting: RHB Kent Clark 0-0: Ball
1-0: Fly out, F9 (Flyball, 9LMF)
Batting: RHB Luis Churape 0-0: Ball
1-0: Called Strike
1-1: Ball
2-1: Called Strike
2-2: Ball
3-2: Base on Balls
Batting: RHB Francis Carr 0-0: Ball
1-0: Foul Ball, location: 2F
1-1: Ball
2-1: Foul Ball, location: 2F
2-2: Fly out, F5 (Line Drive, 5)
Batting: RHB Andrew Ouwens 0-0: Called Strike
0-1: Swinging Strike
0-2: Ball
1-2: Ball
2-2: Foul Ball, location: 2F
2-2: Strikes out swinging
Bottom of the 6th over - 0 runs, 0 hits, 0 errors, 1 left on base; Las Vegas 1 - Portland 7
TOP OF THE 7TH
Las Vegas 51s batting - Pitching for Portland Beavers : RHP Carlos Núñez
Batting: LHB James Howard 0-0: Ball
1-0: Ball
2-0: Swinging Strike
2-1: Swinging Strike
2-2: Ball
3-2: Ground out U3 (Groundball, 3S)
Batting: RHB Rubén Guzmán 0-0: Called Strike
0-1: Fly out, F8 (Flyball, 8RS)
Batting: SHB Augusto González 0-0: Fly out, F7 (Line Drive, 7)
Top of the 7th over - 0 runs, 0 hits, 0 errors, 0 left on base; Las Vegas 1 - Portland 7
BOTTOM OF THE 7TH
Portland Beavers batting - Pitching for Las Vegas 51s : RHP Cipriano Morín
Batting: LHB António Reyes 0-0: DOUBLE (Line Drive, 78XD)
Batting: SHB José Luna 0-0: Ball
1-0: Ball
2-0: Called Strike
2-1: Foul Ball, location: 2F
2-2: Strikes out swinging
Batting: RHB Jarrod Prince 0-0: Called Strike
0-1: Ground out 5-3 (Groundball, 56S)
Batting: SHB Gary Lau 0-0: Ball
1-0: Called Strike
1-1: Ball
2-1: Ground out 4-3 (Groundball, 4)
Bottom of the 7th over - 0 runs, 1 hit, 0 errors, 1 left on base; Las Vegas 1 - Portland 7
TOP OF THE 8TH
Las Vegas 51s batting - Pitching for Portland Beavers : RHP Carlos Núñez
Pitching: LHP Jordan Yeo
Batting: RHB Jimmy Gray 0-0: Called Strike
0-1: Ball
1-1: Ball
2-1: Foul Ball, location: 2F
2-2: Foul Ball, location: 2F
2-2: Ground out 6-3 (Groundball, 6)
Batting: RHB Domingo Solís 0-0: Swinging Strike
0-1: Foul Ball, location: 2F
0-2: Strikes out swinging
Batting: RHB Chris Gilbert 0-0: Ball
1-0: Called Strike
1-1: Ball
2-1: Swinging Strike
2-2: Strikes out swinging
Top of the 8th over - 0 runs, 0 hits, 0 errors, 0 left on base; Las Vegas 1 - Portland 7
BOTTOM OF THE 8TH
Portland Beavers batting - Pitching for Las Vegas 51s : RHP Cipriano Morín
Batting: LHB Bill Lee 0-0: Called Strike
0-1: Fly out, F5 (Popup, 5)
Batting: RHB Kent Clark 0-0: Foul Ball, location: 2F
0-1: Ground out 2-3 (Groundball, 2L)
Batting: RHB Luis Churape 0-0: Called Strike
0-1: Ball
1-1: Ball
2-1: SINGLE (Line Drive, 8LS)
Batting: RHB Francis Carr 0-0: Ball
1-0: Ball
2-0: Foul Ball, location: 2F
2-1: Ball
3-1: Foul Ball, location: 2F
3-2: SINGLE (Groundball, 6M)
Luis Churape to second
Luis Churape to third
Batting: RHB Andrew Ouwens 0-0: Ball
1-0: Called Strike
1-1: Called Strike
1-2: Strikes out swinging
Bottom of the 8th over - 0 runs, 2 hits, 0 errors, 2 left on base; Las Vegas 1 - Portland 7
TOP OF THE 9TH
Las Vegas 51s batting - Pitching for Portland Beavers : LHP Jordan Yeo
Batting: LHB Ramón Pinto 0-0: Ball
1-0: Called Strike
1-1: Ball
2-1: DOUBLE (Flyball, 8LXD)
Batting: RHB Ramón Rocha 0-0: Ball
1-0: SINGLE (Groundball, 56D)
Ramón Pinto to third
Batting: RHB John Toney 0-0: Called Strike
0-1: Swinging Strike
0-2: Strikes out swinging
Batting: LHB James Howard 0-0: Called Strike
0-1: Ball
1-1: Fielders Choice at 2nd, 4-6 (Groundball, 4)
Ramón Pinto scores
Batting: RHB Rubén Guzmán 0-0: Ball
1-0: Ground out 4-3 (Groundball, 34)
Top of the 9th over - 1 run, 2 hits, 0 errors, 1 left on base; Las Vegas 2 - Portland 7
Thursday, June 4th, 2020 - OOTP Baseball 20.8 Build 74